Map: Ever Dream LE

Players

llllllllllll

  • Race: Terran Terran
  • League: Master
  • Spawn Location: 7:00

RIPGeoff - Winner!

  • Race: Protoss Protoss
  • League: Grandmaster
  • Spawn Location: 1:00

VOD

Have the link to the VOD?

Description

Time

  • Played on: Aug. 24, 2020, 5:20 p.m.
  • Length: 6:31
Show
View Real Time Build Order
Export as new Build Order

llllllllllll Terran 

Build Orders:  

Get SALT Encoding   

  12  0:00  SCV  
  13  0:12  SCV  
  14  0:17  Supply Depot  
  14  0:24  SCV  
  14  0:27  Refinery  
  15  0:38  SCV  
  16  0:45  Barracks  
  16  0:50  SCV  
  16  0:55  Refinery  
  17  1:02  SCV  
  18  1:15  SCV  
  19  1:32  Reaper, Orbital Command  
  20  1:40  Factory  
  20  1:49  Supply Depot  
  20  1:58  SCV  
  21  2:04  Reaper  
  22  2:12  SCV  
  23  2:24  Hellion  
  25  2:34  Command Center  
  25  2:36  Reaper  
  26  2:38  SCV  
  27  2:46  Hellion  
  27  2:50  Supply Depot  
  29  2:53  Starport  
  29  2:58  SCV  
  30  3:13  Factory Tech Lab, Barracks Reactor  
  30  3:15  SCV  
  31  3:31  Starport Tech Lab  
  31  3:32  Siege Tank  
  34  3:36  SCV  
  34  3:38  Supply Depot  
  35  3:44  Barracks x2  
  35  3:47  Orbital Command  
  35  3:56  Banshee  
  35  4:01  Marine  
  39  4:02  Marine  
  39  4:09  Siege Tank  
  42  4:25  Marine x2  
  42  4:32  Marine x2  
  44  4:41  Siege Tank  
  47  4:51  Marine x3  
  47  4:52  Marine  
  47  4:53  Banshee  
  50  5:09  Marine x3  
  50  5:11  Marine  
  53  5:20  Siege Tank  
  56  5:25  Supply Depot  
  56  5:27  Supply Depot, Marine x2  
  56  5:28  Marine  
  58  5:34  Marine  
  58  5:39  Banshee  
  58  5:45  Marine x2  
  58  5:55  Siege Tank  
  59  5:59  Marine x2  
  59  6:02  Marine x2  
Show
View Real Time Build Order
Export as new Build Order

RIPGeoff Protoss - Winner!

Build Orders: 1 Gate Expand, Phoenix Opening 

Get SALT Encoding   

  12  0:00  Probe  
  13  0:12  Probe  
  14  0:17  Pylon  
  14  0:24  Probe (Chrono Boost)  
  15  0:40  Gateway, Probe (Chrono Boost)  
  16  0:45  Probe (Chrono Boost)  
  16  0:47  Assimilator  
  17  0:54  Probe  
  18  1:06  Probe  
  19  1:18  Probe  
  20  1:30  Probe  
  21  1:33  Cybernetics Core  
  21  1:41  Nexus  
  21  1:44  Pylon  
  21  1:50  Assimilator, Probe  
  22  2:02  Probe  
  22  2:07  Adept (Chrono Boost)  
  23  2:14  Probe  
  26  2:31  Stargate  
  26  2:34  Probe  
  26  2:35  Adept  
  29  2:37  Shield Battery  
  29  2:39  Warp Gate  
  28  2:44  Pylon  
  28  2:46  Probe  
  29  2:53  Probe  
  30  2:58  Probe  
  30  2:59  Adept  
  33  3:05  Shield Battery, Probe  
  33  3:11  Probe  
  33  3:14  Phoenix (Chrono Boost)  
  33  3:19  Probe  
  36  3:21  Assimilator  
  36  3:25  Probe  
  37  3:27  Adept  
  37  3:32  Probe  
  40  3:37  Phoenix (Chrono Boost)  
  40  3:39  Probe  
  43  3:44  Probe  
  43  3:47  Robotics Facility  
  44  3:52  Probe  
  44  3:55  Pylon  
  45  4:01  Phoenix  
  47  4:08  Probe x2  
  49  4:13  Pylon  
  49  4:20  Probe x2  
  51  4:28  Phoenix (Chrono Boost)  
  53  4:32  Probe x2  
  53  4:34  Observer (Chrono Boost), Assimilator  
  53  4:37  Adept  
  58  4:44  Probe  
  58  4:54  Probe  
  58  4:55  Immortal (Chrono Boost)  
  58  4:56  Probe  
  58  4:59  Pylon  
  64  5:06  Probe  
  65  5:08  Probe  
  66  5:15  Robotics Bay  
  66  5:18  Probe  
  66  5:19  Forge  
  66  5:20  Probe  
  68  5:23  Pylon  
  68  5:25  Pylon  
  68  5:28  Observer (Chrono Boost), Gateway  
  68  5:29  Gateway  
  68  5:30  Probe  
  70  5:40  Adept  
  72  5:44  Phoenix  
  72  5:47  Immortal (Chrono Boost)  
  78  6:03  Adept  
Tags
 
Add a new tag
Caveats
  • Supply blocks, unpowered buildings, or Contaminate may cause inaccurate times.
  • Supply counts are checked every 10 seconds.